 Dungeon Crawl Stone Soup version 0.32-a0-361-g289a535e89 (webtiles) character file.

Game seed: 7403592499080641285

65184 MachoJfn the Severer (level 14, -2/111 HPs)
             Began as a Demonspawn Gladiator on Feb 16, 2024.
             Was a High Priest of Ru.
             Killed by divine providence
             ... invoked by an orc priest
              (11 damage)
             ... on level 2 of the Orcish Mines on Feb 18, 2024.
             The game lasted 01:06:32 (19261 turns).

MachoJfn the Severer (Demonspawn Gladiator)        Turns: 19261, Time: 01:06:33

Health: -2/111     AC: 21    Str: 26    XL:     14   Next: 74%
Magic:  10/12      EV: 10    Int:  6    God:    Ru [*****.]
Gold:   1562       SH: 24    Dex: 15    Spells: 13/13 levels left

rFire   + + +        a - +1 war axe (venom)
rCold   + . .        t - +6 tower shield {rF+}
rNeg    + . .        R - +3 chain mail of Shadows and Fog {Will+}
rPois   .            c - +0 helmet
rElec   .            (cloak unavailable)
rCorr   .            (no gloves)
SInv    .            m - +0 pair of boots
Will    +++..        p - amulet "Geahod" {Faith rF++ rN+ Int-2} Stlth
                     k - +6 ring of strength
HPRegen 0.38/turn    y - ring of willpower
MPRegen 0.13/turn

%: faith
@: mighty, marked
A: icy blue scales 3, ignite blood 2, low MP 1, inability to read after injury
2, inability to use devices, no air magic, no necromancy magic, no alchemy
magic, demonic magic 1, weakness stinger 3, no forms
a: Renounce Religion, Sacrifice Skill, Sacrifice Durability, Sacrifice Essence,
Reject Sacrifices, Draw Out Power, Power Leap, Apocalypse


You were on level 2 of the Orcish Mines.
You worshipped Ru.
Ru was extremely pleased with you.
You visited 3 branches of the dungeon, and saw 18 of its levels.

You collected 1562 gold pieces.

Inventory:

Hand Weapons
 a - a +1 war axe of venom (weapon)
 q - a +2 scythe of venom
Missiles
 d - 3 throwing nets (quivered)
 e - a javelin
 i - 128 stones
 j - 23 boomerangs
 u - 27 poisoned darts
 O - 3 curare-tipped darts
Armour
 c - a +0 helmet (worn)
 m - a +0 pair of boots (worn)
 t - a +6 tower shield of fire resistance (worn)
 H - a +4 scale mail
 R - the +3 chain mail of Shadows and Fog (worn) {Will+}
   (You found it on level 3 of the Lair of Beasts)

   Will+:     It increases your willpower.
Jewellery
 k - a +6 ring of strength (left hand)
 p - the amulet "Geahod" (around neck) {Faith rF++ rN+ Int-2}
   (You found it on level 5 of the Dungeon)

   [amulet of faith]

   Faith:     It allows you to gain divine favour quickly.
   Int-2:     It affects your intelligence (-2).
   rF++:      It greatly protects you from fire.
   rN+:       It protects you from negative energy.
 s - a ring of willpower
 y - a ring of willpower (right hand)
 z - a ring of protection from cold
 A - a ring of protection from fire
 P - a ring of resist corrosion
Scrolls
 b - 2 scrolls of identify
 n - 2 scrolls of teleportation
 o - 2 scrolls of fear
 r - 4 scrolls of revelation
 w - a scroll of noise
 B - 3 scrolls of blinking
 C - 2 scrolls of amnesia
 D - a scroll of brand weapon
 F - 2 scrolls of summoning
 I - a scroll of fog
 N - 2 scrolls of poison
Potions
 f - 3 potions of cancellation
 g - 3 potions of enlightenment
 h - 2 potions of haste
 l - 2 potions of attraction
 v - 2 potions of degeneration
 x - 3 potions of brilliance
 E - 4 potions of lignification
 K - a potion of mutation
 M - a potion of might
 S - a potion of magic


   Skills:
 + Level 10.5 Fighting
 + Level 15.4 Axes
 - Level 1.7 Throwing
 + Level 9.5 Armour
 + Level 6.3 Dodging
 - Level 0.3 Stealth
 + Level 12.6 Shields


You had 13 spell levels left.
You didn't know any spells.
Your spell library contained the following spells:

 Spells                   Type           Power      Damage    Failure   Level
 Slow                     Hex            0%         N/A       99%         1
 Call Imp                 Summ           0%         N/A       100%        2
 Ensorcelled Hibernation  Hex/Ice        0%         N/A       100%        2
 Confusing Touch          Hex            0%         N/A       100%        3
 Sigil of Binding         Hex            0%         N/A       100%        3
 Iskenderun's Battlesphe  Conj           0%         2d6       100%        5
 Bombard                  Conj/Erth      0%         9d1       100%        6
 Spellforged Servitor     Conj/Summ      0%         N/A       100%        7
 Summon Hydra             Summ           0%         N/A       100%        7
 Sting                    Conj/Alch      Unusable   1d3       N/A         1
 Mercury Vapours          Alch/Air       Unusable   N/A       N/A         2
 Sublimation of Blood     Necr           Unusable   N/A       N/A         2
 Fugue of the Fallen      Necr           Unusable   N/A       N/A         3
 Mephitic Cloud           Conj/Alch/Air  Unusable   N/A       N/A         3
 Vampiric Draining        Necr           Unusable   2d6       N/A         3
 Anguish                  Hex/Necr       Unusable   N/A       N/A         4
 Olgreb's Toxic Radiance  Alch           Unusable   N/A       N/A         4
 Freezing Cloud           Conj/Ice/Air   Unusable   6-21      N/A         5

Dungeon Overview and Level Annotations

Branches:
Dungeon (11/15)            Temple (0/1) D:4            Lair (5/5) D:10
 Shoals (0/4) Lair:2        Snake (0/4) Lair:2        Slime (0/5) Lair:5
    Orc (2/2) D:10
    Elf: Orc:2

Altars:
Cheibriados
Hepliaklqana
Kikubaaqudgha
Nemelex Xobeh
Ru
Sif Muna
Trog
Wu Jian
Yredelemnul
Jiyva


Innate Abilities, Weirdness & Mutations

You are completely covered in icy blue scales. (AC +4, rC+)
Your demonic aura often causes spilled blood to erupt in flames.
Your magical capacity is low. (-10% MP)
You sometimes lose the ability to read scrolls when taking damage.
You cannot study or use magical devices.
You cannot study or cast Air magic.
You cannot study or cast Necromancy magic.
You cannot study or cast Alchemy magic.
Spells you cast may paralyse adjacent enemies.
You have a sharp stinger which inflicts weakening toxins.
You cannot voluntarily change form.


Message History

You kill the hellwing!
The hellwing disappears in a puff of smoke!
You completely miss the orc sorcerer. You hit the sun demon but do no damage.
You block the sun demon's attack. You block the red devil's attack.
The orc sorcerer gestures at you while chanting.
The bolt of negative energy misses the red devil.
The bolt of negative energy misses you.
You redirect the orc high priest's attack!
The orc sorcerer points at you and mumbles some strange words.
You resist with almost no effort. You block the orc warrior's attack.
An orc comes into view. It is wielding a +0 dagger.
The orc warrior shoots a bolt.
You block the bolt.
You slash the sun demon!
Your tail-slap misses the sun demon.
The sun demon is moderately wounded.
You slice the demonspawn!!
The demonspawn is poisoned.
You slash the orc sorcerer! The neqoxec gestures at you.
Something gnaws on your mind!
* * * LOW HITPOINT WARNING * * *
You feel your power leaking away. The sun demon misses you.
The kobold blastminer shoots a bolt.
You block the bolt. You block the red devil's attack.
An orc priest comes into view. It is wielding a +0 club.
The demonspawn is engulfed in blazing flames.
You block the demonspawn's attack. The demonspawn claws you.
* * * LOW HITPOINT WARNING * * *
You block the demonspawn's attack.
An orc warrior comes into view. It is wielding a +0 battleaxe.
The orc warrior hits you from afar with a +0 halberd!
* * * LOW HITPOINT WARNING * * *
The orc sorcerer is engulfed in blazing flames.
You redirect the orc sorcerer's attack!
The orc sorcerer hits you with a +0 dagger!
* * * LOW HITPOINT WARNING * * *
You focus your inner power and slow the orc sorcerer in retribution!
The orc high priest utters an invocation to Beogh.
The orc priest invokes the aid of Beogh against you.
Beogh smites you!
You die...
Ru respects your ultimate sacrifice.

#..............##
.......)..)#..#.##
.........o.).....#
...........)))..## ###
......#.#...oo...#######.##
.....###$#...Ko..<.#.##...#
...# ##...o)o).○.......##
..# ##...o4$$°......## .
##..4o§@§#...###
##..#o363..## ###§<4...##
#...4o## ##.....# ##o...3..
##..o... ##o..### ##.##


You could see a demonspawn (very poisoned), an orc knight, an orc high priest, a
sun demon (summoned, very poisoned), an orange demon (summoned), a kobold
blastminer, a neqoxec (summoned), a ynoxinul (summoned), 4 orc sorcerers, 2 red
devils, a chaos spawn (summoned), 4 orc warriors, 2 orc priests and an orc.

Vanquished Creatures
  Kirke (Lair:5)
  2 catoblepae
  2 hydras
  A two-headed ogre (D:10)
  15 death yaks
  A boulder beetle (Lair:4)
  A deep troll shaman (Lair:5)
  2 skysharks (Lair:4)
  A lindwurm (Lair:5)
  2 orc knights (Orc:2)
  2 orc sorcerers (Orc:2)
  Maurice (D:7)
  2 kobold blastminers (Orc:2)
  A merfolk siren (Lair:2)
  19 elephants
  6 black mambas
  A torpor snail (Lair:2)
  26 cane toads
  4 rime drakes
  8 komodo dragons
  3 merfolk (Lair:2)
  4 trolls
  26 blink frogs
  7 polar bears
  4 dream sheep (Lair:1)
  Sigmund (D:2)
  5 wyverns
  2 slime creatures (Lair:5)
  4 hogs (Lair:5)
  37 yaks
  2 wargs
  Grum (D:8)
  2 basilisks (Lair:4)
  2 steam dragons
  2 vampire mosquitoes (D:8)
  A chaos spawn (Orc:2)
  Menkaure (D:7)
  2 nagas (Lair:2)
  13 water moccasins
  An ice beast (D:7)
  24 orc warriors
  4 black bears
  3 centaurs
  16 wolves
  4 kobold brigands
  3 phantoms
  Blork the orc (D:4)
  19 bullfrogs
  2 gnoll sergeants
  2 scorpions
  19 wights
  10 killer bees
  An electric eel (Lair:4)
  5 howler monkeys
  A centaur zombie (D:3)
  2 bombardier beetles
  22 orc priests
  3 jellies
  A gnoll bouda (D:7)
  2 sleepcaps (D:6)
  Jessica (D:2)
  Ijyb (D:3)
  5 iguanas
  15 orc wizards
  10 adders
  20 gnolls
  3 shadow imps
  2 white imps
  4 dart slugs
  3 ribbon worms
  54 orcs
  12 ball pythons
  4 endoplasms
  A giant cockroach (D:2)
  7 goblins
  8 hobgoblins
  13 kobolds
  5 quokkas
  7 bats
  A frilled lizard (D:2)
  A quokka zombie (D:3)
  7 rats
  2 butterflies (D:4)
548 creatures vanquished.

Vanquished Creatures (others)
  A black mamba (Lair:4)
  A komodo dragon (Lair:4)
  A blink frog (Lair:2)
  A yak (D:10)
  A hog (Lair:5)
  A wight (D:7)
  An orc priest (Orc:2)
  2 orcs
  A kobold (D:7)
10 creatures vanquished.

Grand Total: 558 creatures vanquished

Notes
Turn   | Place    | Note
-------+----------+-------------------------------------------
     0 | D:1      | MachoJfn the Demonspawn Gladiator began the quest for the
                  | Orb.
     0 | D:1      | Reached XP level 1. HP: 16/16 MP: 1/1
   112 | D:1      | Reached skill level 3 in Axes
   130 | D:1      | Gained mutation: You are partially covered in icy blue
                  | scales. (AC +2) [demonic ancestry]
   130 | D:1      | Reached XP level 2. HP: 22/22 MP: 2/2
   499 | D:1      | Reached XP level 3. HP: 27/27 MP: 3/3
  1029 | D:2      | Reached skill level 1 in Armour
  1032 | D:2      | Gained mutation: You have a small tail. [demonic ancestry]
  1032 | D:2      | Reached XP level 4. HP: 32/34 MP: 4/4
  1100 | D:2      | Reached skill level 4 in Axes
  1143 | D:2      | Noticed Jessica
  1152 | D:2      | Killed Jessica
  1367 | D:2      | Found a faded altar of an unknown god.
  1381 | D:2      | Prayed at the altar of an unknown god.
  1381 | D:2      | Became a worshipper of Ru the Awakened
  1386 | D:2      | Gained mutation: You cannot study or use magical devices.
                  | [Ru sacrifice]
  1386 | D:2      | Reached * piety under Ru
  1386 | D:2      | Reached ** piety under Ru
  1413 | D:2      | Reached XP level 5. HP: 35/39 MP: 5/5
  1606 | D:2      | You fall into a shaft and drop 1 floor!
  1816 | D:2      | Noticed Sigmund
  1825 | D:2      | Killed Sigmund
  1826 | D:2      | Reached skill level 5 in Axes
  1826 | D:2      | Gained mutation: Spells you cast may paralyse adjacent
                  | enemies. [demonic ancestry]
  1826 | D:2      | Reached XP level 6. HP: 35/47 MP: 6/6
  2449 | D:3      | Noticed Ijyb
  2463 | D:3      | Killed Ijyb
  2567 | D:3      | Found a basalt altar of Yredelemnul.
  2673 | D:4      | Found a staircase to the Ecumenical Temple.
  2745 | D:4      | Found an ornate altar of the Wu Jian Council.
  2882 | D:4      | Reached skill level 1 in Shields
  2882 | D:4      | Reached XP level 7. HP: 23/47 MP: 4/7
  3297 | D:4      | Noticed Blork the orc
  3307 | D:4      | Killed Blork the orc
  3308 | D:4      | Reached skill level 6 in Axes
  3603 | D:5      | Entered Level 5 of the Dungeon
  4137 | D:5      | Gained mutation: You occasionally lose the ability to read
                  | scrolls when taking damage. [Ru sacrifice]
  4137 | D:5      | Gained mutation: You sometimes lose the ability to read
                  | scrolls when taking damage. [Ru sacrifice]
  4137 | D:5      | Reached *** piety under Ru
  4175 | D:5      | Identified the amulet "Geahod" {Faith rF++ rN+ Int-2}
  4252 | D:5      | Found an ancient bone altar of Kikubaaqudgha.
  4361 | D:5      | Gained mutation: You have a tail ending in a sharp stinger.
                  | [demonic ancestry]
  4361 | D:5      | Reached XP level 8. HP: 31/60 MP: 8/8
  4963 | D:6      | Identified the +7 falchion of the Sky {flame, rElec Str+2
                  | Int-3}
  5075 | D:6      | Reached skill level 7 in Axes
  5799 | D:7      | Gained mutation: Your demonic aura sometimes causes spilled
                  | blood to erupt in flames. [demonic ancestry]
  5799 | D:7      | Reached XP level 9. HP: 25/66 MP: 9/9
  5807 | D:7      | Reached skill level 8 in Axes
  5946 | D:7      | Noticed Maurice
  5951 | D:7      | Maurice stole the +7 falchion of the Sky {flame, rElec
                  | Str+2 Int-3}
  5962 | D:7      | Killed Maurice
  6059 | D:7      | Reached skill level 5 in Fighting
  6249 | D:7      | Found a shimmering blue altar of Sif Muna.
  6390 | D:7      | Found a snail-covered altar of Cheibriados.
  6390 | D:7      | Found a bloodstained altar of Trog.
  6396 | D:7      | Reached skill level 5 in Armour
  6557 | D:7      | Gained mutation: You cannot study or cast Air magic. [Ru
                  | sacrifice]
  6557 | D:7      | Gained mutation: You cannot study or cast Alchemy magic.
                  | [Ru sacrifice]
  6557 | D:7      | Gained mutation: You cannot study or cast Necromancy magic.
                  | [Ru sacrifice]
  6557 | D:7      | Reached **** piety under Ru
  6705 | D:7      | Noticed Menkaure
  6710 | D:7      | Killed Menkaure
  6791 | D:8      | Reached skill level 9 in Axes
  7041 | D:8      | Reached skill level 5 in Shields
  7112 | D:8      | Found a hazy altar of Hepliaklqana.
  7114 | D:8      | Found a sparkling altar of Nemelex Xobeh.
  7127 | D:8      | Noticed Grum
  7135 | D:8      | Gained mutation: You are mostly covered in icy blue scales.
                  | (AC +3) [demonic ancestry]
  7135 | D:8      | Reached XP level 10. HP: 69/74 MP: 10/10
  7145 | D:8      | Killed Grum
  7935 | D:9      | Reached skill level 10 in Axes
  8715 | D:10     | Entered Level 10 of the Dungeon
  8984 | D:10     | Identified the +0 leather armour of Midwinter {rF- rN+
                  | rCorr}
  9071 | D:10     | Found a staircase to the Lair.
  9071 | D:10     | Noticed an elephant
  9075 | D:10     | Noticed an elephant
  9077 | D:10     | Killed an elephant
  9078 | D:10     | Gained mutation: You have a sharp stinger which inflicts
                  | weakening toxins. [demonic ancestry]
  9078 | D:10     | Reached XP level 11. HP: 83/83 MP: 11/11
  9189 | D:10     | Noticed a two-headed ogre
  9194 | D:10     | Killed a two-headed ogre
  9195 | D:10     | Reached skill level 11 in Axes
  9202 | D:10     | Found a staircase to the Orcish Mines.
  9365 | D:10     | Gained mutation: You cannot voluntarily change form. [Ru
                  | sacrifice]
  9365 | D:10     | Reached ***** piety under Ru
  9814 | Lair:1   | Entered Level 1 of the Lair of Beasts
 11365 | Lair:2   | Gained mutation: Your magical capacity is low. (-10% MP)
                  | [Ru sacrifice]
 11456 | Lair:2   | Reached XP level 12. HP: 75/91 MP: 10/10
 11458 | Lair:2   | Reached skill level 12 in Axes
 11468 | Lair:2   | Reached skill level 5 in Dodging
 12461 | Lair:2   | Found a staircase to the Snake Pit.
 12514 | Lair:2   | Upgraded the game from 0.32-a0-329-ge6c31236d6 to
                  | 0.32-a0-361-g289a535e89
 12558 | Lair:2   | Reached skill level 13 in Axes
 12662 | Lair:2   | Found a staircase to the Shoals.
 13211 | Lair:2   | Noticed a death yak
 13212 | Lair:2   | Noticed a death yak
 13212 | Lair:2   | Noticed a death yak
 13213 | Lair:2   | Noticed a death yak
 13213 | Lair:2   | Noticed a death yak
 13223 | Lair:2   | Killed a death yak
 13224 | Lair:2   | Reached skill level 10 in Shields
 13224 | Lair:2   | Killed a death yak
 13224 | Lair:2   | Killed a death yak
 13225 | Lair:2   | Gained mutation: Your demonic aura often causes spilled
                  | blood to erupt in flames. [demonic ancestry]
 13225 | Lair:2   | Reached XP level 13. HP: 8/99 MP: 5/11
 14415 | Lair:3   | Identified the +3 chain mail of Shadows and Fog {Will+}
 14845 | Lair:4   | Reached skill level 14 in Axes
 16413 | Lair:4   | Gained mutation: You are completely covered in icy blue
                  | scales. (AC +4, rC+) [demonic ancestry]
 16413 | Lair:4   | Reached XP level 14. HP: 97/109 MP: 12/12
 16546 | Lair:5   | Entered Level 5 of the Lair of Beasts
 16743 | Lair:5   | Found a viscous altar of Jiyva.
 16743 | Lair:5   | Found a staircase to the Slime Pits.
 17031 | Lair:5   | Reached skill level 10 in Fighting
 17246 | Lair:5   | Noticed Kirke
 17292 | Lair:5   | Killed Kirke
 17293 | Lair:5   | Reached skill level 15 in Axes
 17635 | Lair:5   | Found an ancient bone altar of Kikubaaqudgha.
 18772 | Orc:1    | Entered Level 1 of the Orcish Mines
 19138 | Orc:2    | Entered Level 2 of the Orcish Mines
 19261 | Orc:2    | Killed from afar by an orc priest

Illustrated notes

Levels and vault maps discovered:
D:1:      nagdon_arrival_double_spiral, layout_rooms, nicolae_hexahallways
D:2:      layout_basic, nicolae_ecumenical_snake_handling, uniq_sigmund,
          uniq_jessica
D:3:      layout_basic, lemuel_zombie_altar_yredelemnul, grunt_decor_arrowhead,
          minmay_misc_feat_enclosed, uniq_ijyb
D:4:      layout_loops_ring, pdpol_wu_jian_five_deadly_venoms,
          minmay_temple_entry_butterflies, nicolae_figureground_sparkle,
          uniq_blork_the_orc
D:5:      layout_loops_ring, lemuel_tele_altar
D:6:      minmay_skewed_foursquare, layout_loops_cross, nrook_loot_triangle
D:7:      layout_gridville, mainiacjoe_overflow_alcove_1, jmf_multi_god_temple,
          dreamdust_mushroom_princess, uniq_maurice, uniq_menkaure
D:8:      layout_rooms, mainiacjoe_overflow_catwalk_spiral, fountainhead,
          uniq_grum
D:9:      layout_cave_pools
D:10:     layout_stronghold, grunt_lair_entry_orc_guard_hut, david_orc_1_choice,
          serial_column_ruins, column_ruins_hut_pillars, column_ruins_grid_3,
          column_ruins_grid_3, column_ruins_grid_1, column_ruins_grid_4,
          column_ruins_grid_4
D:11:     layout_stronghold, portal_ice_cave_entry_ice_simulacra,
          serial_bayou_pond_d, kennysheep_generic_room_8, uniq_josephine
Lair:1:   layout_regular_city, nicolae_lair_grazing_beasts
          [nicolae_sub_lair_graze_edge, nicolae_sub_lair_graze_edge,
          nicolae_sub_lair_graze_edge, nicolae_sub_lair_graze_edge]
Lair:2:   layout_hall_layers, elwin_shoals_entry_stream,
          guppyfry_snake_entry_island, beast_lair_carwin_8
Lair:3:   layout_long_grid
Lair:4:   layout_cave_pods, minmay_shattered_shrine, serial_bayou_shore_b,
          lemuel_fruit_fields, serial_bayou_shore_b, serial_bayou_shore_b,
          grunt_megastairs_4
Lair:5:   grunt_lair_end_beastmaster, layout_layer_cave,
          minmay_slime_entry_pillars, basic_altar, grunt_megastairs_2,
          uniq_kirke
Orc:1:    layout_caves, nicolae_shop_clearance
Orc:2:    pf_orc_diabolical, layout_caves, nicolae_orc_found_a_spring

Skill      XL: |  1  2  3  4  5  6  7  8  9 10 11 12 13 14 |
---------------+-------------------------------------------+-----
Axes           | 3 4 5 6 7 9 10 11 13 14 15 | 15.4
Armour         | 1 2 3 4 5 6 7 9 |  9.5
Dodging        | 3 4 5 6 |  6.3
Fighting       | 3 4 5 6 7 8 9 10 | 10.5
Shields        | 1 2 3 5 6 8 10 11 12 | 12.6
Throwing       | |  1.7
Stealth        | |  0.3

Action                     |  1- 3 |  4- 6 |  7- 9 | 10-12 | 13-15 || total
---------------------------+-------+-------+-------+-------+-------++-------
  Melee: War axe           |    60 |   142 |   228 |   433 |   466 ||  1329
         Tailslap          |       |    15 |    29 |    88 |    98 ||   230
         Unarmed           |       |       |       |       |     2 ||     2
  Throw: Throwing net      |       |       |       |       |     1 ||     1
 Invoke: Sacrifice Artific |       |     1 |       |       |       ||     1
         Sacrifice Words   |       |       |     1 |       |       ||     1
         Sacrifice Arcana  |       |       |     1 |       |       ||     1
         Power Leap        |       |       |       |     3 |     3 ||     6
         Reject Sacrifices |       |       |       |     2 |       ||     2
         Sacrifice Essence |       |       |       |     1 |       ||     1
         Sacrifice Forms   |       |       |       |     1 |       ||     1
    Use: Scroll            |     3 |     2 |     9 |     9 |     7 ||    30
         Potion            |       |       |     3 |     1 |     8 ||    12
   Stab: Invisible         |       |       |     2 |     3 |     4 ||     9
         Paralysed         |       |       |       |     4 |       ||     4
         Distracted        |       |       |       |     3 |     2 ||     5
         Petrified         |       |       |       |       |    16 ||    16
 Armour: Leather armour    |    46 |    24 |       |       |       ||    70
         Chain mail        |       |    79 |   177 |    43 |   204 ||   503
         Skin              |       |       |     7 |       |     1 ||     8
         Scale mail        |       |       |       |   163 |    18 ||   181
  Dodge: Dodged            |    62 |    60 |    61 |   102 |   105 ||   390
  Block: Tower shield      |       |    53 |   224 |   563 |   601 ||  1441

Table legend: (Time is in decaauts)
 A = Elapsed time spent in this place.
 B = Non-inter-level travel time spent in this place.
 C = Inter-level travel time spent in this place.
 D = Time resting spent in this place.
 E = Time spent auto-exploring this place.
 F = Levels seen in this place.
 G = Mean time per level.
                   A        B        C        D        E       F      G
               +--------+--------+--------+--------+--------+-----+--------+
         Total |  19579 |  17798 |   1781 |   5729 |   8718 |  18 | 1087.7 |
       Dungeon |  10145 |   9232 |    913 |   2227 |   5111 |  11 |  922.3 |
          Lair |   8956 |   8117 |    839 |   3413 |   3413 |   5 | 1791.2 |
  Orcish Mines |    477 |    450 |     27 |     89 |    194 |   2 |  238.5 |
               +--------+--------+--------+--------+--------+-----+--------+

Top non-repeatable levels by time:
  Lair:2: 2281 daAuts
  Lair:5: 2093 daAuts
  Lair:4: 1771 daAuts
  Lair:1: 1594 daAuts
     D:4: 1393 daAuts
     D:7: 1233 daAuts
  Lair:3: 1214 daAuts
    D:10: 1149 daAuts
     D:9: 1088 daAuts
     D:1: 1057 daAuts
     D:2: 927 daAuts
     D:8: 872 daAuts
     D:5: 833 daAuts
     D:3: 822 daAuts
     D:6: 767 daAuts
